Avalanche vs Senateurs
Created - March 17, 2023 at 19:04
Goals
|
| Avalanche |
0 |
2 |
1 |
3 |
| Senateurs |
0 |
2 |
0 |
2 |
|
Shots
|
| Avalanche |
7 |
10 |
5 |
22 |
| Senateurs |
3 |
11 |
19 |
33 |
|
1st period
No Goal
Penalties :
Garnet Hathaway (Ott) for Interference (Minor) at 6:03, Mattias Ekholm (Col) for High sticking (Minor) at 8:30, Evgeni Malkin (Ott) for Hooking (Minor) at 14:09, Colten Teubert (Col) for Delaying the game (Minor) at 18:30
2nd period
1. Senateurs , Jordan Martinook 9 (Linden Vey 2) at 2:58
2. Senateurs , Sidney Crosby 28 (Jeff Woywitka 5) at 8:29
3. Avalanche , Patric Hornqvist 21 (Mikkel Boedker 45) at 10:41
4. Avalanche , Bryan Little 23 (Mikkel Boedker 46, Jack Johnson 22) at 11:05
Penalties :
Bryan Little (Col) for Hooking (Minor) at 3:22, Ladislav Smid (Ott) for Kneeing (Minor) at 11:12, Erik Karlsson (Col) for Holding (Minor) at 16:43
3rd period
5. Avalanche , Jack Johnson 7 (Mikkel Boedker 47, Bryan Little 44) at 9:37 (SH)
Penalties :
Sean Bergenheim (Ott) for Tripping (Minor) at 1:26, Bryan Little (Col) for Roughing (Minor) at 4:50, Luke Witkowski (Col) for Hooking (Minor) at 9:31
Goalie Stats
Semyon Varlamov (Col), 31 saves from 33 shots - (0.939), W, 17-14-2, 60:00 minutes
Brian Elliott (Ott), 19 saves from 22 shots - (0.864), L, 4-10-1, 58:45 minutes
Players Stats for Avalanche
Player Name G A P +/- PIM S H SB GA TA FO MP PP MP PK MP
------------------------------------------------------------------------------------
Bryan Little 1 1 2 3 4 2 1 0 1 0 16/32 22:01 4:21 4:24
Charlie Coyle 0 0 0 0 0 3 1 1 0 0 2/8 17:18 3:35 4:25
Colten Teubert 0 0 0 0 2 1 2 2 0 0 0/0 20:25 3:19 4:18
Daniel Carr 0 0 0 -2 0 1 1 0 0 0 0/0 11:59 0:00 2:10
Erik Karlsson 0 0 0 0 2 0 0 0 0 1 0/0 18:45 3:19 3:46
Evgeny Dadonov 0 0 0 0 0 2 0 1 0 0 0/0 7:52 0:00 0:00
Jack Johnson 1 1 2 1 0 2 1 2 0 1 0/0 28:32 4:37 7:03
James Van Riemsdyk 0 0 0 0 0 0 4 0 0 0 0/0 15:55 3:35 3:14
Joel Edmundson 0 0 0 0 0 0 0 0 0 1 0/0 11:48 0:00 0:00
Kyle Turris 0 0 0 0 0 1 0 1 0 0 1/4 8:39 0:00 0:41
Luke Witkowski 0 0 0 0 2 2 4 0 0 1 0/2 14:47 3:35 2:33
Marc Staal 0 0 0 1 0 0 0 1 0 0 0/0 27:33 4:37 7:03
Mattias Ekholm 0 0 0 0 2 1 1 2 0 0 0/0 13:28 0:00 1:38
Mikkel Boedker 0 3 3 3 0 4 2 0 1 0 1/1 24:05 4:21 6:21
Patric Hornqvist 1 0 1 2 0 2 0 1 0 0 0/2 17:23 4:21 0:00
Pavel Buchnevich 0 0 0 -2 0 0 3 1 0 0 0/1 9:49 0:00 0:00
Tomas Tatar 0 0 0 0 0 0 0 0 0 0 0/0 7:52 0:00 0:00
Vincent Trocheck 0 0 0 -2 0 1 0 0 1 0 0/6 9:49 0:00 0:00
Players Stats for Senateurs
Player Name G A P +/- PIM S H SB GA TA FO MP PP MP PK MP
------------------------------------------------------------------------------------
Brandon Sutter 0 0 0 -2 0 2 0 0 1 0 5/5 16:57 5:38 1:26
Cody Eakin 0 0 0 1 0 2 0 0 0 0 3/4 9:11 0:26 0:09
David Backes 0 0 0 -1 0 2 1 0 1 0 0/0 19:30 5:55 0:00
Eric Gelinas 0 0 0 -1 0 3 2 0 0 0 0/0 25:26 6:13 4:11
Evgeni Malkin 0 0 0 0 2 2 3 0 0 0 10/13 16:05 5:31 2:27
Garnet Hathaway 0 0 0 -1 2 2 1 1 0 1 0/0 9:27 0:28 0:00
Jared Cowen 0 0 0 -2 0 2 1 0 0 1 0/0 27:38 6:32 3:47
Jeff Woywitka 0 1 1 0 0 3 2 0 0 0 0/0 20:12 4:53 4:09
Jordan Martinook 1 0 1 1 0 1 1 0 0 0 0/0 10:47 1:30 1:28
Ladislav Smid 0 0 0 -1 2 3 1 1 1 1 0/0 21:29 4:53 2:34
Linden Vey 0 1 1 1 0 1 3 0 0 0 0/0 7:47 0:00 0:00
Michael Frolik 0 0 0 0 0 2 0 0 1 0 0/1 13:35 5:31 0:00
Ole-Kristian Tollefsen 0 0 0 1 0 0 1 0 0 0 0/0 12:23 1:17 0:00
Rostislav Olesz 0 0 0 0 0 0 0 0 0 0 0/0 12:59 0:00 3:54
Sean Bergenheim 0 0 0 0 2 5 0 0 0 0 2/4 23:12 4:39 2:49
Sidney Crosby 1 0 1 -1 0 1 2 1 0 0 16/29 23:04 5:57 3:32
Taylor Chorney 0 0 0 1 0 0 0 0 0 0 0/0 13:13 0:00 1:11
Tim Schaller 0 0 0 -1 0 2 1 0 0 0 0/0 9:05 0:07 0:07
3 Stars
1 - Mikkel Boedker (Col)
2 - Jack Johnson (Col)
3 - Bryan Little (Col)
Power Play
Avalanche - 0 on 4 Attempt(s) - 0.00%
Senateurs - 0 on 6 Attempt(s) - 0.00%
Penalty Kill
Avalanche - 6 on 6 Attempt(s) - 100.00%
- Score 1 goal in Penalty Kill
Senateurs - 4 on 4 Attempt(s) - 100.00%
- Score 0 goal in Penalty Kill
Team Stat
Avalanche - Hits : 20 - Faceoff Wins : 20 - Blocked Shots : 12 - Penalty Minutes : 12
Senateurs - Hits : 19 - Faceoff Wins : 36 - Blocked Shots : 3 - Penalty Minutes : 8
Official
Referees : Furman South and Chris Schlenker
Linesman : Ryan Gibbons and Trent Knorr
Game Notes
No Game Note
Finance
Level 1 -- Attendance: 6000 (100.00%) -- Ticket Income $600,000
Level 2 -- Attendance: 4589 (91.78%) -- Ticket Income $275,340
Level 3 -- Attendance: 1955 (97.75%) -- Ticket Income $68,425
Level 4 -- Attendance: 4000 (100.00%) -- Ticket Income $100,000
Luxury Box -- Attendance: 941 (94.10%) -- Ticket Income $188,200
Game was played at the Centre Canadian Tire.
Total Attendance: 17485 (97.14%)
Total Ticket Income: $1,231,965
Other Income: $184,795
Total Income: $1,416,760
Avalanche
5 vs 5 Forward
Center Left Wing Right Wing Time % Phy DF OF
1 Bryan Little Mikkel Boedker Patric Hornqvist 40 1 2 2
2 Charlie Coyle James Van Riemsdyk Luke Witkowski 30 1 2 2
3 Vincent Trocheck Daniel Carr Pavel Buchnevich 20 1 2 2
4 Kyle Turris Tomas Tatar Evgeny Dadonov 10 1 2 2
5 vs 5 Defense
Defense Defense Time % Phy DF OF
1 Jack Johnson Marc Staal 40 1 2 2
2 Erik Karlsson Colten Teubert 30 1 2 2
3 Mattias Ekholm Joel Edmundson 20 1 2 2
4 Jack Johnson Marc Staal 10 1 2 2
PowerPlay Forward
Center Left Wing Right Wing Time % Phy DF OF
1 Bryan Little Mikkel Boedker Patric Hornqvist 60 1 2 2
2 Charlie Coyle James Van Riemsdyk Luke Witkowski 40 1 2 2
PowerPlay Defense
Defense Defense Time % Phy DF OF
1 Jack Johnson Marc Staal 60 1 2 2
2 Erik Karlsson Colten Teubert 40 1 2 2
Penalty Kill 4 Players Forward
Center Wing Time % Phy DF OF
1 Bryan Little Mikkel Boedker 60 1 2 2
2 Charlie Coyle James Van Riemsdyk 40 1 2 2
Penalty Kill 4 Players Defense
Defense Defense Time % Phy DF OF
1 Jack Johnson Marc Staal 60 1 2 2
2 Erik Karlsson Colten Teubert 40 1 2 2
Penalty Kill - 3 Players Forward
Forward Time % Phy DF OF
1 Bryan Little 60 1 2 2
2 Charlie Coyle 40 1 2 2
Penalty Kill - 3 Players Defense
Defense Defense Time % Phy DF OF
1 Jack Johnson Marc Staal 60 1 2 2
2 Erik Karlsson Colten Teubert 40 1 2 2
4 vs 4 Forward
Center Wing Time % Phy DF OF
1 Bryan Little Mikkel Boedker 60 1 2 2
2 Charlie Coyle James Van Riemsdyk 40 1 2 2
4 vs 4 Defense
Defense Defense Time % Phy DF OF
1 Jack Johnson Marc Staal 60 1 2 2
2 Erik Karlsson Colten Teubert 40 1 2 2
Last Minutes Offensive
Center Left Wing Right Wing Defense Defense
Bryan Little Mikkel Boedker Patric Hornqvist Jack Johnson Marc Staal
Last Minutes Defensive
Center Left Wing Right Wing Defense Defense
Bryan Little Mikkel Boedker Patric Hornqvist Jack Johnson Marc Staal
Goaltenders
Starting : Semyon Varlamov
Backup : Marek Mazanek
Extra Forwards
Normal : Luke Witkowski, Pavel Buchnevich, Vincent Trocheck - PP : Luke Witkowski, Pavel Buchnevich - PK : Luke Witkowski
Extra Defensemen
Normal : Colten Teubert, Mattias Ekholm, Joel Edmundson - PP : Colten Teubert - PK : Colten Teubert, Mattias Ekholm
Penalty Shots
Mikkel Boedker, Patric Hornqvist, Bryan Little, Charlie Coyle, Luke Witkowski
Scratches
Jarred Tinordi (Healthy), Stefan Elliott (Bruised Right Leg Injury)
Senateurs
5 vs 5 Forward
Center Left Wing Right Wing Time % Phy DF OF
1 Sidney Crosby Sean Bergenheim David Backes 40 1 2 2
2 Evgeni Malkin Rostislav Olesz Michael Frolik 30 1 2 2
3 Brandon Sutter Tim Schaller Garnet Hathaway 20 1 2 2
4 Cody Eakin Jordan Martinook Linden Vey 10 1 2 2
5 vs 5 Defense
Defense Defense Time % Phy DF OF
1 Jared Cowen Ladislav Smid 40 1 2 2
2 Eric Gelinas Jeff Woywitka 30 1 2 2
3 Taylor Chorney Ole-Kristian Tollefsen 20 1 2 2
4 Eric Gelinas Ladislav Smid 10 1 2 2
PowerPlay Forward
Center Left Wing Right Wing Time % Phy DF OF
1 Sidney Crosby Brandon Sutter David Backes 60 0 1 4
2 Evgeni Malkin Sean Bergenheim Michael Frolik 40 0 1 4
PowerPlay Defense
Defense Defense Time % Phy DF OF
1 Jared Cowen Eric Gelinas 60 0 1 4
2 Ladislav Smid Jeff Woywitka 40 0 1 4
Penalty Kill 4 Players Forward
Center Wing Time % Phy DF OF
1 Sidney Crosby Sean Bergenheim 50 1 2 2
2 Evgeni Malkin Rostislav Olesz 50 1 2 2
Penalty Kill 4 Players Defense
Defense Defense Time % Phy DF OF
1 Jared Cowen Eric Gelinas 50 1 2 2
2 Ladislav Smid Jeff Woywitka 50 1 2 2
Penalty Kill - 3 Players Forward
Forward Time % Phy DF OF
1 Sidney Crosby 50 1 2 2
2 Evgeni Malkin 50 1 2 2
Penalty Kill - 3 Players Defense
Defense Defense Time % Phy DF OF
1 Jared Cowen Eric Gelinas 50 1 2 2
2 Ladislav Smid Jeff Woywitka 50 1 2 2
4 vs 4 Forward
Center Wing Time % Phy DF OF
1 Sidney Crosby Sean Bergenheim 60 1 2 2
2 Evgeni Malkin Rostislav Olesz 40 1 2 2
4 vs 4 Defense
Defense Defense Time % Phy DF OF
1 Jared Cowen Eric Gelinas 60 1 2 2
2 Ladislav Smid Jeff Woywitka 40 1 2 2
Last Minutes Offensive
Center Left Wing Right Wing Defense Defense
Sidney Crosby Sean Bergenheim David Backes Jared Cowen Eric Gelinas
Last Minutes Defensive
Center Left Wing Right Wing Defense Defense
Sidney Crosby Sean Bergenheim David Backes Jared Cowen Eric Gelinas
Goaltenders
Starting : Brian Elliott
Backup : Jonathan Bernier
Extra Forwards
Normal : Sean Bergenheim, Brandon Sutter, Garnet Hathaway - PP : Sean Bergenheim, Brandon Sutter - PK : Sean Bergenheim
Extra Defensemen
Normal : Jeff Woywitka, Taylor Chorney, Ole-Kristian Tollefsen - PP : Ole-Kristian Tollefsen - PK : Jeff Woywitka, Taylor Chorney
Penalty Shots
Sidney Crosby, Evgeni Malkin, David Backes, Michael Frolik, Sean Bergenheim
Scratches
Anthony Bitetto (Healthy), Chris Stewart (Healthy)
% Time on Ice - Avalanche
Lines # - Real PCT - Wanted PCT - Time Play
Normal Forward
1 - 32% - 40% - 12:23
2 - 23% - 30% - 9:00
3 - 25% - 20% - 9:49
4 - 20% - 10% - 7:52
Normal Defense
1 - 38% - 40% - 14:47
2 - 32% - 30% - 12:29
3 - 30% - 20% - 11:48
4 - 0% - 10% - 0:00
PP Forward
1 - 55% - 60% - 4:21
2 - 45% - 40% - 3:35
PP Defense
1 - 58% - 60% - 4:37
2 - 42% - 40% - 3:19
PK Forward
1 - 77% - 60% - 9:13
2 - 23% - 40% - 2:41
PK Defense
1 - 59% - 60% - 7:03
2 - 41% - 40% - 4:51
PK3 Forward
1 - 0% - 60%
2 - 0% - 40%
PK3 Defense
1 - 0% - 60%
2 - 0% - 40%
44 Forward
1 - 0% - 60%
2 - 0% - 40%
44 Defense
1 - 0% - 60%
2 - 0% - 40%
Last Minute Offensive - 0:00
Last Minute Defensive - 1:06
Total
Forward - 60:00
Defense - 60:00
|
% Time on Ice - Senateurs
Lines # - Real PCT - Wanted PCT - Time Play
Normal Forward
1 - 37% - 40% - 14:18
2 - 21% - 30% - 8:08
3 - 23% - 20% - 8:51
4 - 20% - 10% - 7:47
Normal Defense
1 - 42% - 40% - 16:19
2 - 27% - 30% - 10:38
3 - 28% - 20% - 11:08
4 - 3% - 10% - 0:59
PP Forward
1 - 54% - 60% - 6:23
2 - 46% - 40% - 5:31
PP Defense
1 - 59% - 60% - 7:01
2 - 41% - 40% - 4:53
PK Forward
1 - 51% - 50% - 4:04
2 - 49% - 50% - 3:52
PK Defense
1 - 48% - 50% - 3:47
2 - 52% - 50% - 4:09
PK3 Forward
1 - 0% - 50%
2 - 0% - 50%
PK3 Defense
1 - 0% - 50%
2 - 0% - 50%
44 Forward
1 - 0% - 60%
2 - 0% - 40%
44 Defense
1 - 0% - 60%
2 - 0% - 40%
Last Minute Offensive - 1:06
Last Minute Defensive - 0:00
Total
Forward - 60:00
Defense - 60:00
|
Play-by-Play
1st period
0:01 of 1st period - Bryan Little wins face-off versus Sean Bergenheim in neutral zone.
0:28 of 1st period - Wrist shot by Daniel Carr.
0:28 of 1st period - Stopped by Brian Elliott with a rebound.
0:54 of 1st period - Wrist shot by Sean Bergenheim.
0:54 of 1st period - Stopped by Semyon Varlamov without a rebound.
0:55 of 1st period - Charlie Coyle wins face-off versus Evgeni Malkin in Avalanche zone.
1:02 of 1st period - Michael Frolik is hit by Luke Witkowski and loses puck.
1:09 of 1st period - Erik Karlsson is hit by Evgeni Malkin and loses puck.
2:19 of 1st period - Wrist shot by Brandon Sutter.
2:19 of 1st period - Shot Misses the Net.
2:43 of 1st period - Snap shot by Bryan Little.
2:43 of 1st period - Shot Misses the Net.
2:57 of 1st period - Wrist shot by Evgeny Dadonov.
2:57 of 1st period - Stopped by Brian Elliott without a rebound.
2:58 of 1st period - Kyle Turris wins face-off versus Evgeni Malkin in Senateurs zone.
3:25 of 1st period - Ladislav Smid is hit by James Van Riemsdyk and loses puck.
3:46 of 1st period - Ole-Kristian Tollefsen is hit by Mikkel Boedker and loses puck.
4:07 of 1st period - Marc Staal is hit by Sidney Crosby and loses puck.
4:26 of 1st period - Evgeni Malkin is hit by Jack Johnson and loses puck.
4:58 of 1st period - Slapshot by Patric Hornqvist.
4:58 of 1st period - Stopped by Brian Elliott without a rebound.
4:59 of 1st period - Sidney Crosby wins face-off versus Bryan Little in Senateurs zone.
5:04 of 1st period - Bryan Little is hit by Jared Cowen and loses puck.
6:03 of 1st period - Minor Penalty to Garnet Hathaway for Interference.
6:04 of 1st period - Bryan Little wins face-off versus Sidney Crosby in Senateurs zone.
6:13 of 1st period - Wrist shot by Mikkel Boedker.
6:13 of 1st period - Stopped by Brian Elliott with a rebound.
6:15 of 1st period - Wrist shot by Bryan Little.
6:15 of 1st period - Stopped by Brian Elliott without a rebound.
6:16 of 1st period - Evgeni Malkin wins face-off versus Bryan Little in Senateurs zone.
8:03 of 1st period - Penalty to Garnet Hathaway is over, Garnet Hathaway is back on ice.
8:06 of 1st period - Icing by Rostislav Olesz.
8:07 of 1st period - Evgeni Malkin wins face-off versus Vincent Trocheck in Senateurs zone.
8:22 of 1st period - Slapshot by Vincent Trocheck.
8:22 of 1st period - Stopped by Brian Elliott with a rebound.
8:30 of 1st period - Minor Penalty to Mattias Ekholm for High sticking.
8:31 of 1st period - Sidney Crosby wins face-off versus Bryan Little in Avalanche zone.
8:46 of 1st period - Backhand shot by Sidney Crosby.
8:46 of 1st period - Shot Blocked by Marc Staal.
8:48 of 1st period - Slapshot by Brandon Sutter.
8:48 of 1st period - Stopped by Semyon Varlamov without a rebound.
8:49 of 1st period - Bryan Little wins face-off versus Michael Frolik in Avalanche zone.
9:55 of 1st period - Wrist shot by Michael Frolik.
9:55 of 1st period - Stopped by Semyon Varlamov without a rebound.
9:56 of 1st period - Bryan Little wins face-off versus Sidney Crosby in Avalanche zone.
10:30 of 1st period - Penalty to Mattias Ekholm is over, Mattias Ekholm is back on ice.
11:01 of 1st period - Icing by Kyle Turris.
11:02 of 1st period - Brandon Sutter wins face-off versus Kyle Turris in Avalanche zone.
11:49 of 1st period - Snap shot by Linden Vey.
11:49 of 1st period - Shot Blocked by Evgeny Dadonov.
12:58 of 1st period - Wrist shot by Tomas Tatar.
12:58 of 1st period - Shot Misses the Net.
13:00 of 1st period - Slapshot by Joel Edmundson.
13:00 of 1st period - Deflect By Kyle Turris.
13:00 of 1st period - Stopped by Brian Elliott without a rebound.
13:01 of 1st period - Bryan Little wins face-off versus Sidney Crosby in Senateurs zone.
13:06 of 1st period - Bryan Little is hit by Ladislav Smid and loses puck.
13:53 of 1st period - Snap shot by Sidney Crosby.
13:53 of 1st period - Shot Misses the Net.
14:01 of 1st period - Slapshot by James Van Riemsdyk.
14:01 of 1st period - Shot Blocked by Ladislav Smid.
14:09 of 1st period - Minor Penalty to Evgeni Malkin for Hooking.
14:10 of 1st period - Bryan Little wins face-off versus Sean Bergenheim in Senateurs zone.
14:45 of 1st period - Rostislav Olesz is hit by Luke Witkowski and loses puck.
16:09 of 1st period - Penalty to Evgeni Malkin is over, Evgeni Malkin is back on ice.
16:12 of 1st period - Snap shot by Evgeni Malkin.
16:12 of 1st period - Deflect By Garnet Hathaway.
16:12 of 1st period - Shot Blocked by Colten Teubert.
16:12 of 1st period - Puck is out of play.
16:13 of 1st period - Cody Eakin wins face-off versus Vincent Trocheck in Avalanche zone.
16:14 of 1st period - Snap shot by Garnet Hathaway.
16:14 of 1st period - Shot Misses the Net.
16:58 of 1st period - Snap shot by Charlie Coyle.
16:58 of 1st period - Shot Misses the Net.
17:33 of 1st period - Eric Gelinas is hit by Pavel Buchnevich and loses puck.
18:30 of 1st period - Minor Penalty to Colten Teubert for Delaying the game.
18:31 of 1st period - Bryan Little wins face-off versus Sidney Crosby in Avalanche zone.
19:27 of 1st period - Jack Johnson is hit by Jeff Woywitka and loses puck.
19:54 of 1st period - David Backes is hit by Charlie Coyle and loses puck.
Goals for this period are 0 for Avalanche vs 0 for Senateurs.
Shots for this period are 7 for Avalanche vs 3 for Senateurs.
2nd period
0:01 of 2nd period - Sidney Crosby wins face-off versus Bryan Little in neutral zone.
0:04 of 2nd period - Marc Staal is hit by Eric Gelinas and loses puck.
0:30 of 2nd period - Penalty to Colten Teubert is over, Colten Teubert is back on ice.
0:41 of 2nd period - Snap shot by Sean Bergenheim.
0:41 of 2nd period - Shot Misses the Net.
0:43 of 2nd period - Slapshot by Jared Cowen.
0:43 of 2nd period - Shot Blocked by Charlie Coyle.
1:01 of 2nd period - Wrist shot by Linden Vey.
1:01 of 2nd period - Stopped by Semyon Varlamov with a rebound.
1:42 of 2nd period - Icing by Colten Teubert.
1:43 of 2nd period - Evgeni Malkin wins face-off versus Kyle Turris in Avalanche zone.
1:46 of 2nd period - Slapshot by Evgeni Malkin.
1:46 of 2nd period - Shot Misses the Net.
2:36 of 2nd period - Jeff Woywitka is hit by Luke Witkowski and loses puck.
2:41 of 2nd period - Snap shot by Charlie Coyle.
2:41 of 2nd period - Stopped by Brian Elliott with a rebound.
2:51 of 2nd period - Mattias Ekholm is hit by Linden Vey and loses puck.
2:56 of 2nd period - Slapshot by Jordan Martinook.
2:56 of 2nd period - Shot Blocked by Pavel Buchnevich.
2:58 of 2nd period - Snap shot by Jordan Martinook.
2:58 of 2nd period - Goal by Jordan Martinook - Avalanche : 0 - Senateurs : 1.
2:59 of 2nd period - Sean Bergenheim wins face-off versus Bryan Little in neutral zone.
3:14 of 2nd period - Snap shot by Sidney Crosby.
3:14 of 2nd period - Shot Misses the Net.
3:16 of 2nd period - Slapshot by Jared Cowen.
3:16 of 2nd period - Stopped by Semyon Varlamov with a rebound.
3:22 of 2nd period - Minor Penalty to Bryan Little for Hooking.
3:23 of 2nd period - Sidney Crosby wins face-off versus Luke Witkowski in Avalanche zone.
3:43 of 2nd period - Jared Cowen is hit by Luke Witkowski and loses puck.
4:51 of 2nd period - Erik Karlsson is hit by Evgeni Malkin and loses puck.
5:11 of 2nd period - Jeff Woywitka is hit by Colten Teubert and loses puck.
5:22 of 2nd period - Penalty to Bryan Little is over, Bryan Little is back on ice.
5:44 of 2nd period - Wrist shot by Evgeny Dadonov.
5:44 of 2nd period - Shot Misses the Net.
6:27 of 2nd period - Snap shot by James Van Riemsdyk.
6:27 of 2nd period - Deflect By Charlie Coyle.
6:27 of 2nd period - Stopped by Brian Elliott without a rebound.
6:28 of 2nd period - Evgeni Malkin wins face-off versus Charlie Coyle in Senateurs zone.
7:09 of 2nd period - Ladislav Smid is hit by Pavel Buchnevich and loses puck.
7:18 of 2nd period - Snap shot by Eric Gelinas.
7:18 of 2nd period - Stopped by Semyon Varlamov with a rebound.
7:32 of 2nd period - Backhand shot by Jack Johnson.
7:32 of 2nd period - Deflect By James Van Riemsdyk.
7:32 of 2nd period - Shot Misses the Net.
7:32 of 2nd period - Puck is out of play.
7:33 of 2nd period - Charlie Coyle wins face-off versus Sidney Crosby in Senateurs zone.
7:56 of 2nd period - Wrist shot by Luke Witkowski.
7:56 of 2nd period - Stopped by Brian Elliott without a rebound.
7:57 of 2nd period - Evgeni Malkin wins face-off versus Bryan Little in Senateurs zone.
8:29 of 2nd period - Snap shot by Sidney Crosby.
8:29 of 2nd period - Goal by Sidney Crosby - Avalanche : 0 - Senateurs : 2.
8:30 of 2nd period - Sidney Crosby wins face-off versus Bryan Little in neutral zone.
8:45 of 2nd period - Wrist shot by Bryan Little.
8:45 of 2nd period - Shot Hit the Post.
8:59 of 2nd period - Wrist shot by Luke Witkowski.
8:59 of 2nd period - Stopped by Brian Elliott with a rebound.
9:05 of 2nd period - Snap shot by Charlie Coyle.
9:05 of 2nd period - Stopped by Brian Elliott with a rebound.
9:57 of 2nd period - Snap shot by Mikkel Boedker.
9:57 of 2nd period - Stopped by Brian Elliott without a rebound.
9:58 of 2nd period - Sidney Crosby wins face-off versus Bryan Little in Senateurs zone.
10:06 of 2nd period - Snap shot by David Backes.
10:06 of 2nd period - Shot Misses the Net.
10:08 of 2nd period - Snap shot by Sidney Crosby.
10:08 of 2nd period - Shot Misses the Net.
10:10 of 2nd period - Slapshot by Jeff Woywitka.
10:10 of 2nd period - Stopped by Semyon Varlamov with a rebound.
10:12 of 2nd period - Wrist shot by Sidney Crosby.
10:12 of 2nd period - Shot Misses the Net.
10:41 of 2nd period - Snap shot by Patric Hornqvist.
10:41 of 2nd period - Goal by Patric Hornqvist - Avalanche : 1 - Senateurs : 2.
10:42 of 2nd period - Sidney Crosby wins face-off versus Charlie Coyle in neutral zone.
10:53 of 2nd period - Slapshot by Jack Johnson.
10:53 of 2nd period - Stopped by Brian Elliott without a rebound.
10:54 of 2nd period - Sidney Crosby wins face-off versus Patric Hornqvist in Senateurs zone.
11:05 of 2nd period - Snap shot by Bryan Little.
11:05 of 2nd period - Goal by Bryan Little - Avalanche : 2 - Senateurs : 2.
11:06 of 2nd period - Sidney Crosby wins face-off versus Bryan Little in neutral zone.
11:12 of 2nd period - Minor Penalty to Ladislav Smid for Kneeing.
11:13 of 2nd period - Sean Bergenheim wins face-off versus Bryan Little in Senateurs zone.
12:38 of 2nd period - Rostislav Olesz is hit by Bryan Little and loses puck.
13:12 of 2nd period - Penalty to Ladislav Smid is over, Ladislav Smid is back on ice.
13:26 of 2nd period - Ladislav Smid is hit by Pavel Buchnevich and loses puck.
13:46 of 2nd period - Mattias Ekholm is hit by Linden Vey and loses puck.
14:03 of 2nd period - Slapshot by Taylor Chorney.
14:03 of 2nd period - Shot Misses the Net.
14:05 of 2nd period - Slapshot by Jared Cowen.
14:05 of 2nd period - Stopped by Semyon Varlamov without a rebound.
14:06 of 2nd period - Brandon Sutter wins face-off versus Patric Hornqvist in Avalanche zone.
14:09 of 2nd period - Snap shot by Garnet Hathaway.
14:09 of 2nd period - Shot Misses the Net.
14:11 of 2nd period - Slapshot by Ladislav Smid.
14:11 of 2nd period - Stopped by Semyon Varlamov with a rebound.
14:13 of 2nd period - Slapshot by Garnet Hathaway.
14:13 of 2nd period - Stopped by Semyon Varlamov without a rebound.
14:14 of 2nd period - Evgeni Malkin wins face-off versus Charlie Coyle in Avalanche zone.
14:41 of 2nd period - Eric Gelinas is hit by Mikkel Boedker.
14:42 of 2nd period - Icing by Eric Gelinas.
14:43 of 2nd period - Bryan Little wins face-off versus Sidney Crosby in Senateurs zone.
14:44 of 2nd period - Wrist shot by Mikkel Boedker.
14:44 of 2nd period - Stopped by Brian Elliott without a rebound.
14:45 of 2nd period - Sidney Crosby wins face-off versus Bryan Little in Senateurs zone.
14:58 of 2nd period - Wrist shot by Sean Bergenheim.
14:58 of 2nd period - Stopped by Semyon Varlamov with a rebound.
15:48 of 2nd period - Snap shot by Mikkel Boedker.
15:48 of 2nd period - Shot Misses the Net.
15:54 of 2nd period - Jack Johnson is hit by Ole-Kristian Tollefsen and loses puck.
16:18 of 2nd period - Snap shot by David Backes.
16:18 of 2nd period - Stopped by Semyon Varlamov without a rebound.
16:19 of 2nd period - Evgeni Malkin wins face-off versus Charlie Coyle in Avalanche zone.
16:36 of 2nd period - Icing by Evgeni Malkin.
16:37 of 2nd period - Evgeni Malkin wins face-off versus Vincent Trocheck in Senateurs zone.
16:43 of 2nd period - Minor Penalty to Erik Karlsson for Holding.
16:44 of 2nd period - Evgeni Malkin wins face-off versus Charlie Coyle in Avalanche zone.
16:44 of 2nd period - Snap shot by Michael Frolik.
16:44 of 2nd period - Shot Misses the Net.
16:46 of 2nd period - Snap shot by Evgeni Malkin.
16:46 of 2nd period - Shot Misses the Net.
16:48 of 2nd period - Slapshot by Jared Cowen.
16:48 of 2nd period - Shot Blocked by Mattias Ekholm.
16:50 of 2nd period - Slapshot by Sean Bergenheim.
16:50 of 2nd period - Shot Misses the Net.
17:44 of 2nd period - Jeff Woywitka is hit by James Van Riemsdyk and loses puck.
18:43 of 2nd period - Penalty to Erik Karlsson is over, Erik Karlsson is back on ice.
18:59 of 2nd period - Snap shot by Pavel Buchnevich.
18:59 of 2nd period - Shot Blocked by Garnet Hathaway.
19:01 of 2nd period - Wrist shot by Daniel Carr.
19:01 of 2nd period - Shot Misses the Net.
19:17 of 2nd period - Garnet Hathaway is hit by Daniel Carr.
19:53 of 2nd period - Ladislav Smid is hit by James Van Riemsdyk and loses puck.
Goals for this period are 2 for Avalanche vs 2 for Senateurs.
Shots for this period are 10 for Avalanche vs 11 for Senateurs.
3rd period
0:01 of 3rd period - Bryan Little wins face-off versus Sidney Crosby in neutral zone.
0:13 of 3rd period - Snap shot by Mikkel Boedker.
0:13 of 3rd period - Shot Blocked by Sidney Crosby.
0:19 of 3rd period - Mikkel Boedker is hit by David Backes and loses puck.
1:17 of 3rd period - Slapshot by Mattias Ekholm.
1:17 of 3rd period - Stopped by Brian Elliott with a rebound.
1:19 of 3rd period - Slapshot by Colten Teubert.
1:19 of 3rd period - Stopped by Brian Elliott without a rebound.
1:20 of 3rd period - Bryan Little wins face-off versus Sidney Crosby in Senateurs zone.
1:26 of 3rd period - Minor Penalty to Sean Bergenheim for Tripping.
1:27 of 3rd period - Bryan Little wins face-off versus Sidney Crosby in Senateurs zone.
3:26 of 3rd period - Penalty to Sean Bergenheim is over, Sean Bergenheim is back on ice.
3:41 of 3rd period - Wrist shot by Rostislav Olesz.
3:41 of 3rd period - Shot Misses the Net.
4:11 of 3rd period - Snap shot by Sean Bergenheim.
4:11 of 3rd period - Stopped by Semyon Varlamov with a rebound.
4:17 of 3rd period - Wrist shot by Sean Bergenheim.
4:17 of 3rd period - Stopped by Semyon Varlamov with a rebound.
4:19 of 3rd period - Snap shot by Jared Cowen.
4:19 of 3rd period - Shot Blocked by Kyle Turris.
4:21 of 3rd period - Backhand shot by Brandon Sutter.
4:21 of 3rd period - Shot Blocked by Mattias Ekholm.
4:23 of 3rd period - Wrist shot by Sean Bergenheim.
4:23 of 3rd period - Stopped by Semyon Varlamov with a rebound.
4:45 of 3rd period - Snap shot by Brandon Sutter.
4:45 of 3rd period - Stopped by Semyon Varlamov with a rebound.
4:47 of 3rd period - Snap shot by Eric Gelinas.
4:47 of 3rd period - Stopped by Semyon Varlamov without a rebound.
4:48 of 3rd period - Bryan Little wins face-off versus Cody Eakin in Avalanche zone.
4:50 of 3rd period - Minor Penalty to Bryan Little for Roughing.
4:51 of 3rd period - Evgeni Malkin wins face-off versus Luke Witkowski in Avalanche zone.
4:55 of 3rd period - Wrist shot by Evgeni Malkin.
4:55 of 3rd period - Stopped by Semyon Varlamov with a rebound.
4:57 of 3rd period - Slapshot by Ladislav Smid.
4:57 of 3rd period - Stopped by Semyon Varlamov with a rebound.
5:45 of 3rd period - David Backes is hit by Colten Teubert and loses puck.
6:50 of 3rd period - Penalty to Bryan Little is over, Bryan Little is back on ice.
7:23 of 3rd period - Taylor Chorney is hit by Mattias Ekholm and loses puck.
7:57 of 3rd period - Pavel Buchnevich is hit by Jordan Martinook and loses puck.
8:44 of 3rd period - Mattias Ekholm is hit by Evgeni Malkin and loses puck.
9:03 of 3rd period - Wrist shot by Mikkel Boedker.
9:03 of 3rd period - Stopped by Brian Elliott with a rebound.
9:13 of 3rd period - Wrist shot by Sidney Crosby.
9:13 of 3rd period - Shot Misses the Net.
9:15 of 3rd period - Snap shot by Taylor Chorney.
9:15 of 3rd period - Deflect By Cody Eakin.
9:15 of 3rd period - Shot Blocked by Jack Johnson.
9:15 of 3rd period - Puck is out of play.
9:16 of 3rd period - Cody Eakin wins face-off versus Charlie Coyle in Avalanche zone.
9:17 of 3rd period - Slapshot by Jordan Martinook.
9:17 of 3rd period - Shot Misses the Net.
9:19 of 3rd period - Wrist shot by Linden Vey.
9:19 of 3rd period - Shot Misses the Net.
9:31 of 3rd period - Minor Penalty to Luke Witkowski for Hooking.
9:32 of 3rd period - Bryan Little wins face-off versus Sidney Crosby in Avalanche zone.
9:37 of 3rd period - Slapshot by Jack Johnson.
9:37 of 3rd period - Goal by Jack Johnson - Avalanche : 3 - Senateurs : 2.
9:38 of 3rd period - Sidney Crosby wins face-off versus Bryan Little in neutral zone.
10:05 of 3rd period - Marc Staal is hit by Eric Gelinas and loses puck.
10:55 of 3rd period - Jack Johnson is hit by Sidney Crosby and loses puck.
11:31 of 3rd period - Penalty to Luke Witkowski is over, Luke Witkowski is back on ice.
11:32 of 3rd period - Erik Karlsson is hit by Jeff Woywitka.
11:41 of 3rd period - Off-side.
11:42 of 3rd period - Cody Eakin wins face-off versus Vincent Trocheck in neutral zone.
11:45 of 3rd period - Vincent Trocheck is hit by Linden Vey and loses puck.
11:56 of 3rd period - Snap shot by Cody Eakin.
11:56 of 3rd period - Shot Misses the Net.
11:58 of 3rd period - Wrist shot by Jordan Martinook.
11:58 of 3rd period - Deflect By Cody Eakin.
11:58 of 3rd period - Stopped by Semyon Varlamov with a rebound.
12:30 of 3rd period - Off-side.
12:31 of 3rd period - Sidney Crosby wins face-off versus Bryan Little in neutral zone.
12:34 of 3rd period - Slapshot by Ladislav Smid.
12:34 of 3rd period - Stopped by Semyon Varlamov without a rebound.
12:35 of 3rd period - Bryan Little wins face-off versus Evgeni Malkin in Avalanche zone.
13:36 of 3rd period - Snap shot by Cody Eakin.
13:36 of 3rd period - Shot Misses the Net.
14:30 of 3rd period - Wrist shot by Evgeny Dadonov.
14:30 of 3rd period - Stopped by Brian Elliott without a rebound.
14:31 of 3rd period - Sidney Crosby wins face-off versus Kyle Turris in Senateurs zone.
14:38 of 3rd period - Snap shot by Ladislav Smid.
14:38 of 3rd period - Deflect By Sean Bergenheim.
14:38 of 3rd period - Shot Misses the Net.
14:38 of 3rd period - Puck is out of play.
14:39 of 3rd period - Sidney Crosby wins face-off versus Bryan Little in Avalanche zone.
14:41 of 3rd period - Icing by Erik Karlsson.
14:42 of 3rd period - Sidney Crosby wins face-off versus Bryan Little in Avalanche zone.
15:09 of 3rd period - Joel Edmundson is hit by Garnet Hathaway and loses puck.
15:16 of 3rd period - Slapshot by Brandon Sutter.
15:16 of 3rd period - Deflect By Garnet Hathaway.
15:16 of 3rd period - Shot Misses the Net.
15:16 of 3rd period - Puck is out of play.
15:17 of 3rd period - Brandon Sutter wins face-off versus Pavel Buchnevich in Avalanche zone.
15:18 of 3rd period - Snap shot by Garnet Hathaway.
15:18 of 3rd period - Stopped by Semyon Varlamov without a rebound.
15:19 of 3rd period - Brandon Sutter wins face-off versus Vincent Trocheck in Avalanche zone.
15:26 of 3rd period - Snap shot by Brandon Sutter.
15:26 of 3rd period - Shot Blocked by Colten Teubert.
16:18 of 3rd period - Ladislav Smid is hit by James Van Riemsdyk and loses puck.
16:39 of 3rd period - Snap shot by Linden Vey.
16:39 of 3rd period - Shot Misses the Net.
16:41 of 3rd period - Wrist shot by Cody Eakin.
16:41 of 3rd period - Stopped by Semyon Varlamov without a rebound.
16:42 of 3rd period - Brandon Sutter wins face-off versus Vincent Trocheck in Avalanche zone.
17:31 of 3rd period - Wrist shot by Evgeni Malkin.
17:31 of 3rd period - Stopped by Semyon Varlamov with a rebound.
17:33 of 3rd period - Slapshot by Michael Frolik.
17:33 of 3rd period - Stopped by Semyon Varlamov with a rebound.
17:35 of 3rd period - Slapshot by Eric Gelinas.
17:35 of 3rd period - Shot Misses the Net.
17:37 of 3rd period - Wrist shot by Michael Frolik.
17:37 of 3rd period - Shot Blocked by Jack Johnson.
17:39 of 3rd period - Snap shot by Jeff Woywitka.
17:39 of 3rd period - Stopped by Semyon Varlamov with a rebound.
17:41 of 3rd period - Snap shot by Michael Frolik.
17:41 of 3rd period - Shot Misses the Net.
17:43 of 3rd period - Slapshot by Jeff Woywitka.
17:43 of 3rd period - Stopped by Semyon Varlamov with a rebound.
18:11 of 3rd period - Daniel Carr is hit by Tim Schaller.
18:17 of 3rd period - Snap shot by Tim Schaller.
18:17 of 3rd period - Stopped by Semyon Varlamov without a rebound.
18:18 of 3rd period - Bryan Little wins face-off versus Sidney Crosby in Avalanche zone.
18:45 of 3rd period - Senateurs, Brian Elliott is pulled from the net.
18:53 of 3rd period - Wrist shot by Tim Schaller.
18:53 of 3rd period - Stopped by Semyon Varlamov without a rebound.
18:54 of 3rd period - Joel Quenneville call a timeout for Senateurs.
18:54 of 3rd period - Sidney Crosby wins face-off versus Bryan Little in Avalanche zone.
19:10 of 3rd period - Snap shot by David Backes.
19:10 of 3rd period - Stopped by Semyon Varlamov without a rebound.
19:11 of 3rd period - Mikkel Boedker wins face-off versus Sidney Crosby in Avalanche zone.
19:22 of 3rd period - Slapshot by Mikkel Boedker.
19:22 of 3rd period - Shot Misses the Net.
19:54 of 3rd period - Snap shot by David Backes.
19:54 of 3rd period - Shot Blocked by Patric Hornqvist.
19:56 of 3rd period - Snap shot by Eric Gelinas.
19:56 of 3rd period - Stopped by Semyon Varlamov without a rebound.
19:57 of 3rd period - Bryan Little wins face-off versus Sidney Crosby in Avalanche zone.
Goals for this period are 1 for Avalanche vs 0 for Senateurs.
Shots for this period are 5 for Avalanche vs 19 for Senateurs.